 Dungeon Crawl Stone Soup version 0.17-a0-670-g5d95ebd (webtiles) character file.

373 oplop the Chiller (level 6, 0/41 HPs)
             Began as a Merfolk Ice Elementalist on Apr 18, 2015.
             Slain by an orc (4 damage)
             ... on level 4 of the Dungeon.
             The game lasted 00:08:12 (3393 turns).

oplop the Chiller (Merfolk Ice Elementalist)        Turns: 3393, Time: 00:08:12

Health: 0/41       AC:  3    Str:  8    XL:     6   Next: 72%
Magic:  10/13      EV: 13    Int: 14    God:
Gold:   200        SH:  0    Dex: 17    Spells: 1 memorised, 13 levels left

rFire  . . .     SeeInvis .     y - +2 short sword (drain)
rCold  . . .     Clarity  +     a - +1 robe
rNeg   . . .     SustAb   .     (no shield)
rPois  .         Gourm    .     (no helmet)
rElec  .         Spirit   .     (no cloak)
rCorr  .         Warding  .     (no gloves)
rMut   .         Stasis   .     (no boots)
MR     .....                    x - amulet of clarity
Stlth  ++........               (no ring)
                                (no ring)

@: not resistant to hostile enchantments, unstealthy
A: change form in water, swift swim
a: no special abilities


You were on level 4 of the Dungeon.
You were very hungry.

You visited 1 branch of the dungeon, and saw 4 of its levels.

You collected 200 gold pieces.

Inventory:

Hand weapons
 d - a +0 dagger
 l - a +3 dagger of venom
 y - a +2 short sword of draining (weapon)
Missiles
 e - 4 curare-tipped needles
Armour
 a - a +1 robe (worn)
 f - a +0 shield
 p - a +0 ring mail
Rods
 r - a +2 rod of inaccuracy (14/14)
   (You found it on level 4 of the Dungeon)
Jewellery
 x - an amulet of clarity (around neck)
Magical devices
 n - a wand of frost (16)
 t - a wand of polymorph (7)
 u - a wand of enslavement (13)
Scrolls
 h - 2 scrolls of fog
 o - 2 scrolls of teleportation
Potions
 g - 3 potions of curing
 i - a potion of cure mutation {unknown}
 k - a potion of magic
Books
 b - a book of Frost

   Spells                             Type                      Level
   a - Freeze                         Ice                          1
   b - Throw Frost                    Conjuration/Ice              2
   c - Ozocubu's Armour               Charms/Ice                   3
   d - Throw Icicle                   Conjuration/Ice              4
   e - Summon Ice Beast               Ice/Summoning                4
   f - Condensation Shield            Ice                          4
 s - a book of Maledictions

   Spells                             Type                      Level
   a - Corona                         Hexes                        1
   b - Ensorcelled Hibernation        Hexes/Ice                    2
   c - Confuse                        Hexes                        3
   d - Tukima's Dance                 Hexes                        3
   e - Dazzling Spray                 Conjuration/Hexes            3
Comestibles
 c - 2 bread rations
 j - a meat ration
 m - 3 slices of pizza
 q - 4 chunks of flesh


   Skills:
 - Level 2.6 Dodging
 - Level 2.1 Stealth
 + Level 4.6 Spellcasting
   Level 0.7 Conjurations
 + Level 6.1 Ice Magic


You had 13 spell levels left.
You knew the following spells:

 Your Spells              Type           Power        Failure   Level  Hunger
a - Freeze                Ice            ###.         1%          1    None


Dungeon Overview and Level Annotations

Branches:
Dungeon (4/15)
 Temple: D:4-7

Altars:
Dithmenos
Gozag
Nemelex Xobeh


Message History

A goblin comes into view. It is wielding a dagger.
The goblin shouts!
You see here a potion of curing.
g - 3 potions of curing (gained 1)
The goblin closely misses you.
You are too injured to fight recklessly!
You are too injured to fight recklessly!
You are too injured to fight recklessly!
You hit the goblin. You drain the goblin!
The goblin is severely wounded.
The goblin hits you with a dagger.
* * * LOW HITPOINT WARNING * * *
You barely miss the goblin.
The goblin is severely wounded.
The goblin barely misses you. The orc hits you.
* * * LOW HITPOINT WARNING * * *
You hit the orc.
The orc is heavily wounded.
The goblin barely misses you. The orc hits you.
You die...

#.# #.###### #.#..#(. #.#
#.# ##### #.#....#
#.###.#######...#####.#.#.##
#...(......##...........#.##
#####.####.##...#####.###.##
...# #. #.## #.# #.## ...#
#.###..#####.# #.##
......#.......)....# #.##
.......g@o......#### #.##
...<...######Z##.# #...
...## #.##.# #### .. #.##.#
#.##o# ...... ###... #..


You could see an orc, a goblin and a bat skeleton (wandering).

Vanquished Creatures
  Duvessa (D:4)
  Dowan (D:4)
  A hound (D:4)
  2 worker ants (D:4)
  A hound skeleton (D:4)
  3 adders
  An ooze (D:3)
  A worm (D:2)
  A giant gecko (D:1)
  4 orcs
  4 ball pythons
  8 hobgoblins
  8 jackals
  2 quokkas
  6 bats
  7 giant cockroaches
  4 giant newts
  11 goblins
  10 kobolds
  12 rats
  A bush (D:3)
  A plant (D:3)
90 creatures vanquished.

Notes
Turn   | Place    | Note
--------------------------------------------------------------
     0 | D:1      | oplop, the Merfolk Ice Elementalist, began the quest for the Orb.
     0 | D:1      | Reached XP level 1. HP: 13/13 MP: 3/3
   150 | D:1      | Reached XP level 2. HP: 19/19 MP: 5/5
   758 | D:2      | Reached XP level 3. HP: 24/24 MP: 7/7
   829 | D:2      | Reached skill level 4 in Ice Magic
  1368 | D:2      | Reached XP level 4. HP: 16/30 MP: 3/8
  1900 | D:3      | Found a shadowy altar of Dithmenos.
  2126 | D:3      | Found a sparkling altar of Nemelex Xobeh.
  2126 | D:3      | Found an opulent altar of Gozag.
  2649 | D:4      | Reached skill level 5 in Ice Magic
  2649 | D:4      | Reached XP level 5. HP: 16/35 MP: 6/10
  2983 | D:4      | Noticed Duvessa
  3255 | D:4      | Noticed Dowan
  3291 | D:4      | Killed Duvessa
  3291 | D:4      | Reached XP level 6. HP: 12/41 MP: 10/12
  3294 | D:4      | Killed Dowan
  3294 | D:4      | Reached skill level 6 in Ice Magic
  3343 | D:4      | Noticed a phantom
  3393 | D:4      | Slain by an orc

Action                   |  1- 3 |  4- 6 || total
-------------------------+-------+-------++-------
Melee: Dagger            |    98 |   129 ||   227
       Short sword       |       |    31 ||    31
 Cast: Freeze            |    17 |    16 ||    33
  Use: Scroll            |       |     9 ||     9
       Potion            |       |     7 ||     7
 Stab: Sleeping          |     3 |     3 ||     6
  Eat: Chunk             |     2 |     4 ||     6
       Beef jerky        |       |     1 ||     1
